Map: Hecate LE

Players

LiquidClem (Clem)

  • Race: Terran Terran
  • League: Grandmaster
  • Spawn Location: 1:00

MaxPax - Winner!

  • Race: Protoss Protoss
  • League: Master
  • Spawn Location: 7:00

VOD

Have the link to the VOD?

Description

Time

  • Played on: Oct. 7, 2023, 10:58 a.m.
  • Length: 22:51
Show
View Real Time Build Order
Export as new Build Order

LiquidClem Terran 

Build Orders: Cyclone Opening, Reaper Expand 

Get SALT Encoding   

  12  0:00  SCV  
  13  0:12  SCV  
  14  0:17  Supply Depot  
  14  0:24  SCV  
  15  0:39  SCV  
  15  0:40  Barracks  
  15  0:42  Refinery  
  16  0:51  SCV  
  17  1:03  SCV  
  18  1:15  SCV  
  19  1:27  Orbital Command, Reaper  
  20  1:47  Command Center  
  20  1:53  Supply Depot, SCV  
  21  1:58  Marine  
  22  2:05  SCV  
  23  2:08  Factory  
  23  2:16  Marine  
  23  2:17  SCV  
  23  2:20  Bunker  
  25  2:27  Refinery  
  25  2:29  SCV  
  26  2:34  Barracks Reactor  
  26  2:41  SCV  
  26  2:51  Cyclone  
  26  2:53  SCV  
  29  2:59  Orbital Command  
  29  3:03  Starport  
  30  3:05  SCV  
  30  3:11  Supply Depot, Marine  
  30  3:12  Marine  
  32  3:17  SCV  
  33  3:24  Widow Mine  
  33  3:25  SCV  
  36  3:29  SCV, Marine  
  36  3:30  Marine  
  39  3:37  SCV  
  39  3:40  Medivac  
  42  3:42  SCV  
  42  3:47  Supply Depot  
  43  3:49  SCV, Widow Mine  
  43  3:50  Marine x2  
  43  3:54  SCV  
  49  3:58  Barracks  
  49  4:02  SCV  
  50  4:06  SCV  
  50  4:08  Marine x2  
  52  4:14  SCV  
  52  4:18  SCV  
  52  4:19  Starport Tech Lab, Factory Tech Lab  
  53  4:26  Barracks, Marine x2  
  53  4:27  Supply Depot  
  53  4:28  SCV  
  56  4:32  SCV  
  57  4:40  SCV  
  57  4:43  Marine x2  
  57  4:44  Engineering Bay  
  57  4:45  Refinery  
  60  4:46  SCV  
  60  4:47  Factory Reactor  
  60  4:49  Starport Reactor  
  60  4:51  Supply Depot  
  60  4:52  SCV  
  62  4:53  Stimpack  
  62  4:56  Marauder  
  62  4:58  SCV  
  65  5:02  Supply Depot  
  65  5:03  Marine  
  65  5:05  Marine  
  65  5:06  SCV  
  68  5:10  SCV  
  69  5:14  Supply Depot  
  69  5:17  Marauder  
  69  5:18  Terran Infantry Weapons Level 1  
  69  5:19  Refinery  
  69  5:20  Combat Shield  
  71  5:22  SCV  
  71  5:23  SCV  
  71  5:26  Marine  
  71  5:27  Marine  
  75  5:29  Marauder  
  75  5:34  Medivac, SCV  
  80  5:36  Medivac  
  80  5:41  Supply Depot, Widow Mine  
  84  5:44  Widow Mine  
  84  5:47  Supply Depot, Marine  
  84  5:48  Marine  
  88  5:50  Marauder  
  88  5:53  Marauder  
  92  5:57  Supply Depot  
  92  6:01  SCV x2  
  94  6:04  Marine  
  94  6:06  Marine  
  96  6:12  Medivac x2  
  96  6:13  SCV x2, Widow Mine x2  
  96  6:14  Marauder  
  96  6:17  Marauder  
  110  6:21  Supply Depot  
  110  6:23  Marine  
  111  6:32  Command Center  
  111  6:36  Widow Mine  
  111  6:39  Concussive Shells  
  113  6:40  Widow Mine  
  113  6:41  SCV  
  113  6:45  SCV  
  113  6:46  Medivac  
  116  6:47  Marine x2  
  116  6:52  Marauder  
  116  6:53  SCV  
  120  6:57  SCV  
  120  6:58  Widow Mine  
  120  7:01  Marauder  
  125  7:05  SCV  
  126  7:12  Supply Depot  
  126  7:14  Marine x2  
  126  7:15  Widow Mine  
  130  7:16  Marauder  
  130  7:17  Supply Depot  
  130  7:22  Marauder  
  134  7:25  Barracks  
  134  7:26  Barracks  
  134  7:28  Barracks  
  134  7:31  Supply Depot  
  134  7:34  Marine x2  
  136  7:38  Marauder  
  136  7:43  Viking, Marauder  
  142  7:47  Orbital Command  
  142  7:50  Widow Mine  
  143  7:53  Terran Infantry Armor Level 1  
  143  7:55  Marine x2  
  145  7:59  Marauder  
  145  8:03  Orbital Command  
  147  8:08  Supply Depot  
  147  8:09  Ghost Academy  
  147  8:10  SCV  
  147  8:11  SCV  
  149  8:13  Marine x2  
  149  8:15  Marauder  
  149  8:18  Barracks Tech Lab  
  149  8:19  Barracks Reactor  
  134  8:20  Widow Mine  
  134  8:22  SCV  
  134  8:24  Medivac, Widow Mine  
  139  8:28  Marauder  
  139  8:32  Marine  
  139  8:33  Marine  
  139  8:36  Marauder, Marine  
  139  8:41  Bunker, Widow Mine  
  144  8:42  SCV x2  
  144  8:43  SCV  
  136  8:48  Widow Mine  
  136  8:49  Marine  
  136  8:50  Marine  
  136  8:51  Marine  
  136  8:54  Marauder, SCV  
  136  8:55  Marine, SCV  
  131  8:57  Marine  
  131  8:58  SCV, Marauder  
  135  9:05  Widow Mine  
  135  9:06  Ghost, SCV  
  135  9:07  SCV  
  141  9:10  SCV  
  141  9:15  Ghost  
  141  9:16  Marine, Widow Mine  
  138  9:18  Ghost, SCV  
  138  9:19  SCV  
  138  9:22  SCV, Marine  
  137  9:25  Marine x2  
  137  9:30  Viking  
  141  9:32  Bunker  
  141  9:34  Widow Mine, Marine  
  140  9:41  SCV x2  
  140  9:43  Marauder  
  140  9:45  SCV  
  140  9:47  Viking  
  140  9:52  Ghost  
  143  9:55  Marine x4  
  149  10:00  Refinery x2  
  149  10:03  Widow Mine x2  
  153  10:07  Armory  
  153  10:09  Engineering Bay  
  153  10:10  Ghost  
  153  10:14  Ghost  
  155  10:15  Marine  
  155  10:16  Supply Depot  
  155  10:17  Marine x2  
  155  10:18  Marine  
  155  10:20  SCV  
  162  10:22  SCV x2  
  160  10:29  Widow Mine x2  
  160  10:32  SCV  
  160  10:33  Command Center  
  165  10:40  Viking x2  
  165  10:42  Ghost  
  171  10:45  Ghost  
  173  10:52  Supply Depot  
  173  10:53  Supply Depot  
  173  10:54  Sensor Tower  
  173  10:55  Marine x2  
  173  10:56  Ghost, Marine x2  
  177  11:02  Terran Infantry Weapons Level 2  
  179  11:12  Barracks x2  
  179  11:14  Barracks  
  179  11:22  Marauder x2  
  183  11:26  Marauder, Starport  
  185  11:34  SCV  
  186  11:43  Marauder x2, SCV  
  190  11:47  Marauder  
  190  11:49  Sensor Tower  
  192  11:59  Terran Ship Weapons Level 1  
  192  12:00  Marine, Refinery x2  
  187  12:01  Marine  
  187  12:04  Marauder  
  187  12:05  Marauder  
  192  12:08  Marauder  
  192  12:13  Planetary Fortress  
  194  12:16  SCV x2  
  194  12:18  SCV  
  194  12:20  Medivac  
  195  12:25  Marine, Medivac  
  195  12:26  Marauder  
  195  12:28  SCV, Marauder  
  194  12:30  Marauder  
  194  12:31  Viking  
  194  12:34  Viking  
  186  12:42  Missile Turret  
  186  12:44  Marine  
  186  12:47  Marauder  
  186  12:49  Marauder  
  186  12:50  Viking, Ghost  
  194  13:00  Marine  
  181  13:08  Viking x2, Marauder  
  181  13:10  Marauder  
  160  13:13  Viking  
  160  13:15  Marine x2  
  160  13:18  Marine x2  
  159  13:20  Marauder  
  159  13:22  Marine  
  159  13:24  Marine  
  158  13:28  Marine  
  158  13:30  Marauder  
  158  13:32  Marauder  
  167  13:36  Command Center  
  167  13:39  Engineering Bay  
  165  13:41  Marauder  
  165  13:45  Engineering Bay  
  165  13:48  Marine  
  165  13:51  Marauder  
  165  13:52  Barracks Tech Lab x3  
  165  13:53  Marauder, Marine x3  
  173  13:56  Terran Ship Weapons Level 2  
  173  14:00  Viking  
  173  14:02  Viking  
  179  14:03  Marauder  
  179  14:05  Viking  
  179  14:06  Marine  
  179  14:08  Viking  
  184  14:11  Marauder  
  184  14:13  Marauder x2  
  184  14:14  Ghost  
  184  14:15  Marauder  
  193  14:24  Marauder  
  193  14:28  Terran Infantry Armor Level 2, Terran Infantry Weapons Level 3  
  193  14:33  Ghost, Marauder  
  193  14:34  Marauder  
  193  14:37  Marine x2, SCV  
  193  14:38  Marauder  
  200  14:42  Missile Turret  
  200  14:45  Viking x2, Missile Turret  
  198  14:49  Missile Turret  
  196  14:57  Ghost  
  196  14:58  Marine  
  184  15:00  Viking  
  184  15:01  Marauder  
  184  15:02  Marauder x2  
  184  15:05  Viking  
  190  15:08  Marauder  
  190  15:12  SCV, Marauder  
  190  15:13  Marine  
  191  15:16  SCV  
  191  15:17  SCV  
  191  15:18  SCV  
  194  15:22  Ghost  
  194  15:27  Orbital Command  
  196  15:34  Marauder  
  197  15:37  Sensor Tower  
  197  15:41  Ghost  
  196  15:43  Ghost  
  196  15:47  Marauder  
  178  15:50  Medivac  
  178  15:52  Marine  
  178  15:55  Marine  
  178  15:57  Marine  
  148  16:02  Medivac  
  134  16:07  Marine  
  134  16:11  Marine, Medivac  
  133  16:15  Marine  
  131  16:19  Marauder  
  131  16:21  Marauder  
  129  16:27  Marauder x2  
  129  16:28  Marine x2  
  129  16:30  Marine x3  
  138  16:35  Marine  
  138  16:36  SCV  
  140  16:40  Marauder  
  140  16:41  Orbital Command, Marine  
  140  16:45  Marine  
  144  16:47  Ghost  
  144  16:48  Terran Infantry Armor Level 3, Marine  
  144  16:51  Marauder  
  144  16:52  Marine  
  144  16:53  Marine  
  148  16:54  Marine  
  148  16:56  Marine  
  140  17:03  Marine  
  140  17:04  Marine  
  140  17:07  Marine  
  133  17:10  Marine x2  
  133  17:11  Marine  
  133  17:12  Marine x2  
  133  17:16  Missile Turret, SCV x2  
  133  17:17  SCV  
  133  17:18  SCV x2  
  138  17:23  Cyclone  
  138  17:25  Marauder  
  142  17:30  Marauder  
  142  17:31  Marine  
  142  17:34  Marauder  
  144  17:40  Marauder  
  144  17:41  Marauder  
  144  17:44  Marine x2  
  145  17:46  Marine  
  144  17:52  Marine  
  144  17:53  Marauder  
  144  17:57  Marauder  
  142  17:58  Marine x2  
  142  18:00  Orbital Command  
  142  18:01  Marauder  
  142  18:04  Marine  
  129  18:05  Marine  
  129  18:08  Marine  
  129  18:10  Marauder  
  124  18:16  Marine  
  124  18:18  SCV x2  
  124  18:19  SCV  
  123  18:23  Marauder  
  123  18:25  SCV  
  124  18:29  Missile Turret, SCV  
  125  18:35  Marauder  
  125  18:36  Marauder  
  125  18:39  Marauder  
  129  18:47  Marine x2, Marauder  
  133  18:48  Marauder  
  133  18:49  Marauder  
  133  18:52  Widow Mine x2  
  139  18:58  Marauder x2  
  139  18:59  Ghost  
  140  19:03  Marine  
  140  19:09  Ghost, Marauder  
  144  19:10  Marauder  
  146  19:19  Ghost  
  146  19:20  Marauder  
  146  19:22  Marine x2  
  152  19:28  Ghost  
  152  19:29  Widow Mine  
  152  19:30  Marine, Marauder, Widow Mine  
  152  19:31  Marine x2  
  163  19:35  Viking  
  163  19:36  Viking  
  166  19:42  Viking  
  166  19:44  Marauder  
  170  19:46  Marauder  
  170  19:48  Marine  
  170  19:49  Ghost  
  170  19:51  Marauder  
  169  19:53  Marauder  
  169  19:56  Marine x2  
  156  20:00  Marauder  
  156  20:03  Marine  
  153  20:11  Marauder  
  153  20:12  Marine x2  
  153  20:13  Marauder  
  137  20:16  Marauder  
  137  20:19  Marauder, Widow Mine  
  137  20:20  Marine  
  134  20:23  Marine  
  134  20:27  Marauder  
  125  20:30  Marauder  
  125  20:33  Marine  
  125  20:39  Marauder  
  120  20:43  SCV  
  118  20:53  Marine  
  111  21:08  SCV  
  103  21:27  Marine  
  84  21:37  Orbital Command, Marine  
  55  21:53  Orbital Command  
Show
View Real Time Build Order
Export as new Build Order

MaxPax Protoss - Winner!

Build Orders: 1 Gate Expand, Oracle Opening, Phoenix Opening, Zealot Archon 

Get SALT Encoding   

  12  0:00  Probe  
  13  0:12  Probe  
  14  0:17  Pylon  
  14  0:24  Probe (Chrono Boost)  
  16  0:36  Gateway, Probe (Chrono Boost)  
  16  0:43  Probe (Chrono Boost)  
  16  0:45  Assimilator  
  17  0:51  Probe  
  18  1:03  Probe  
  19  1:15  Probe  
  20  1:23  Cybernetics Core  
  20  1:33  Nexus, Probe  
  21  1:40  Pylon  
  21  1:45  Probe  
  22  1:50  Assimilator  
  22  1:56  Adept (Chrono Boost)  
  22  1:57  Probe  
  25  2:09  Probe  
  26  2:16  Adept (Chrono Boost)  
  26  2:22  Probe  
  29  2:26  Stargate  
  29  2:34  Probe (Chrono Boost)  
  29  2:35  Warp Gate  
  30  2:45  Probe (Chrono Boost)  
  32  2:52  Probe (Chrono Boost)  
  32  2:54  Gateway, Probe (Chrono Boost)  
  34  2:58  Probe (Chrono Boost)  
  34  2:59  Probe (Chrono Boost)  
  35  3:06  Oracle (Chrono Boost)  
  35  3:10  Probe  
  35  3:11  Probe  
  40  3:13  Gateway  
  40  3:22  Probe, Pylon  
  40  3:23  Probe  
  42  3:34  Probe  
  42  3:35  Probe  
  42  3:36  Phoenix (Chrono Boost)  
  46  3:47  Probe  
  46  3:48  Nexus  
  45  3:50  Probe  
  45  3:53  Pylon  
  46  3:57  Phoenix (Chrono Boost)  
  46  4:00  Probe  
  50  4:02  Probe  
  50  4:06  Assimilator  
  50  4:12  Probe  
  50  4:15  Probe  
  52  4:17  Phoenix  
  55  4:24  Probe  
  55  4:26  Twilight Council  
  55  4:29  Probe  
  55  4:30  Forge  
  56  4:36  Probe  
  57  4:41  Probe  
  57  4:43  Pylon  
  57  4:44  Phoenix  
  60  4:48  Probe  
  60  4:49  Gateway  
  58  4:53  Probe (Chrono Boost)  
  58  4:54  Gateway  
  58  4:55  Gateway  
  58  4:58  Sentry  
  58  4:59  Probe (Chrono Boost)  
  62  5:01  Probe (Chrono Boost)  
  62  5:02  Charge (Chrono Boost)  
  62  5:05  Probe (Chrono Boost)  
  64  5:08  Protoss Ground Weapons Level 1 (Chrono Boost)  
  64  5:11  Probe x2 (Chrono Boost)  
  64  5:12  Probe (Chrono Boost), Pylon  
  67  5:15  Probe (Chrono Boost)  
  67  5:17  Probe  
  67  5:19  Probe  
  70  5:27  Gateway  
  70  5:28  Probe  
  71  5:29  Gateway  
  71  5:30  Probe  
  71  5:31  Probe  
  71  5:35  Shield Battery  
  73  5:39  Templar Archives  
  73  5:40  Assimilator  
  73  5:42  Pylon  
  74  5:43  Probe  
  74  5:50  Zealot x4  
  74  5:54  Zealot  
  74  5:55  Sentry  
  86  5:58  Pylon  
  86  6:08  Pylon  
  86  6:10  Pylon  
  86  6:13  Pylon  
  86  6:17  Zealot x5  
  96  6:19  Gateway  
  96  6:23  High Templar x2  
  100  6:28  Archon  
  100  6:29  Photon Cannon  
  100  6:32  Zealot  
  92  6:48  High Templar  
  92  6:49  Nexus  
  92  6:51  High Templar  
  94  6:54  Gateway  
  94  6:56  Archon  
  94  6:59  Zealot x6  
  106  7:02  Probe x2  
  106  7:03  Phoenix  
  110  7:15  Probe  
  111  7:24  Zealot x8, Protoss Ground Armor Level 1 (Chrono Boost)  
  111  7:25  Robotics Facility  
  111  7:26  Probe x2  
  129  7:34  Forge  
  129  7:35  Probe  
  130  7:39  Probe  
  130  7:41  Probe  
  130  7:43  Assimilator  
  132  7:54  Pylon  
  132  7:58  Pylon  
  130  8:04  Zealot x5  
  130  8:05  Zealot x4  
  139  8:22  Warp Prism (Chrono Boost)  
  141  8:27  Robotics Bay  
  141  8:29  Zealot x8  
  149  8:36  Zealot x2  
  149  8:37  Pylon  
  133  8:49  Probe  
  133  8:53  Probe  
  124  8:56  Probe x2  
  124  8:57  High Templar x4  
  124  8:58  Zealot x6  
  124  9:01  Archon, Probe  
  143  9:03  Protoss Ground Weapons Level 2 (Chrono Boost), Archon  
  143  9:06  Probe  
  143  9:08  Probe x2  
  146  9:13  Probe  
  146  9:14  Colossus (Chrono Boost)  
  135  9:18  Extended Thermal Lance  
  133  9:26  Zealot x6  
  145  9:32  Nexus  
  145  9:36  Probe  
  142  9:44  Probe  
  135  9:46  Blink (Chrono Boost), Probe  
  136  9:53  Protoss Ground Armor Level 2 (Chrono Boost)  
  136  9:54  Shield Battery, Pylon  
  136  9:55  Stalker x5  
  136  9:57  Colossus (Chrono Boost)  
  152  10:03  Probe  
  153  10:08  Robotics Facility  
  153  10:09  Assimilator  
  153  10:17  Zealot x5  
  153  10:18  Zealot  
  155  10:31  Robotics Facility  
  155  10:34  Probe  
  155  10:35  Zealot x4  
  164  10:37  Colossus (Chrono Boost)  
  164  10:42  Pylon  
  170  10:44  Gateway, Zealot x4  
  178  10:51  Photon Cannon  
  178  10:53  Pylon  
  175  10:57  Observer  
  175  11:07  Zealot x6  
  191  11:20  Warp Prism (Chrono Boost)  
  191  11:23  Protoss Ground Weapons Level 3 (Chrono Boost)  
  193  11:26  Pylon  
  193  11:27  Photon Cannon  
  193  11:31  Shield Battery  
  193  11:33  Photon Cannon  
  193  11:35  Colossus (Chrono Boost)  
  193  11:36  Pylon  
  193  11:37  Dark Shrine  
  193  11:40  Pylon  
  189  11:49  Colossus (Chrono Boost)  
  189  12:00  Zealot x5  
  193  12:22  Gateway  
  189  12:25  Gateway, Protoss Ground Armor Level 3 (Chrono Boost)  
  189  12:29  Zealot, Stalker x5  
  179  12:30  Zealot x4  
  179  12:36  Immortal (Chrono Boost)  
  179  12:47  Immortal (Chrono Boost)  
  179  12:49  Immortal (Chrono Boost)  
  175  12:52  Zealot x9  
  175  12:53  Zealot  
  153  13:14  Colossus (Chrono Boost)  
  153  13:16  Probe  
  153  13:19  Zealot x7  
  146  13:20  Zealot x4  
  146  13:26  Colossus (Chrono Boost)  
  148  13:30  Probe x3  
  151  13:34  Probe  
  150  13:41  Shadow Stride (Chrono Boost), Zealot, Colossus (Chrono Boost)  
  150  13:42  Zealot x3  
  150  13:47  Probe x2  
  160  13:50  Stalker x4  
  168  14:04  Pylon  
  168  14:07  Stalker x7  
  168  14:08  Nexus  
  182  14:17  Dark Templar x3  
  182  14:20  Immortal (Chrono Boost)  
  190  14:28  Pylon  
  190  14:30  Immortal (Chrono Boost)  
  189  14:33  Observer (Chrono Boost)  
  185  14:47  Dark Templar  
  185  14:48  Zealot x4  
  185  14:49  Zealot x2  
  185  14:50  Shield Battery  
  185  14:52  Photon Cannon  
  196  14:56  Protoss Shields Level 1  
  186  15:05  Stalker x5  
  180  15:17  Dark Templar x5  
  188  15:25  Zealot x2  
  188  15:28  Immortal (Chrono Boost)  
  198  15:42  Immortal (Chrono Boost)  
  194  15:45  Zealot x3  
  194  15:46  Zealot x4  
  194  15:49  Zealot x3  
  180  15:50  Zealot x2  
  155  16:03  Immortal x2 (Chrono Boost)  
  133  16:06  Zealot x7  
  133  16:10  Zealot x10  
  127  16:22  Pylon  
  131  16:35  Dark Templar x2  
  131  16:36  Dark Templar x2  
  131  16:38  Zealot x6  
  151  16:44  Pylon  
  151  16:52  Pylon  
  153  16:54  Disruptor (Chrono Boost)  
  153  16:55  Stalker x2  
  153  17:00  Stalker x2  
  153  17:01  Zealot x3  
  142  17:03  Shield Battery  
  142  17:07  Zealot  
  136  17:09  Observer (Chrono Boost)  
  136  17:15  Probe  
  126  17:21  Zealot x6  
  126  17:22  Dark Templar, Zealot x2  
  142  17:26  Zealot x2  
  142  17:27  Photon Cannon  
  142  17:29  Pylon  
  146  17:33  Probe  
  146  17:35  Zealot, Assimilator x2  
  147  17:40  Observer  
  146  17:44  Zealot x3  
  146  17:45  Zealot x5  
  146  17:48  Stalker x2  
  160  17:56  Zealot x2  
  153  18:04  Immortal (Chrono Boost)  
  137  18:06  Zealot x6  
  121  18:23  Colossus (Chrono Boost)  
  121  18:24  Stalker x5  
  137  18:36  Zealot  
  139  18:45  Dark Templar, Zealot x4  
  145  18:50  Observer (Chrono Boost)  
  140  19:02  Colossus (Chrono Boost)  
  140  19:04  Zealot x7  
  156  19:25  Warp Prism (Chrono Boost), Colossus (Chrono Boost)  
  156  19:28  Zealot x4  
  156  19:30  Nexus  
  166  19:32  Zealot x2  
  146  19:56  Dark Templar x5, Zealot x3  
  146  19:57  Zealot x4  
  120  20:17  Dark Templar  
  110  20:23  Dark Templar  
  110  20:24  Zealot x5  
  104  20:41  Zealot x5  
  107  20:56  Stalker x3  
  107  20:57  Stalker  
  103  21:13  Zealot x5  
  103  21:14  Zealot  
  113  21:20  Stalker  
  115  21:27  Zealot  
  115  21:32  Zealot  
  109  21:39  Dark Templar  
  81  21:42  Stalker  
  62  21:57  Observer (Chrono Boost)  
  62  21:59  Zealot x4  
  71  22:04  Dark Templar  
  71  22:17  Zealot x2  
  72  22:29  Zealot x3  
  72  22:36  Stalker  
Tags
 
Add a new tag
Caveats
  • Supply blocks, unpowered buildings, or Contaminate may cause inaccurate times.
  • Supply counts are checked every 10 seconds.